 Dungeon Crawl Stone Soup version 0.25.0-9-g26727b6 (webtiles) character file.

Game seed: 1732197716365327528

972 sighowe the Ruffian (level 7, -1/57 HPs)
             Began as a White Draconian Transmuter on June 19, 2020.
             Was a Priest of Elyvilon.
             Slain by an orc warrior
             ... wielding a +2 flail of protection
              (20 damage)
             ... on level 6 of the Dungeon.
             The game lasted 00:21:37 (6952 turns).

sighowe the Ruffian (White Draconian Transmuter)    Turns: 6952, Time: 00:21:37

Health: -1/57      AC:  6    Str: 14    XL:     7   Next: 94%
Magic:  10/12      EV: 14    Int: 14    God:    Elyvilon [***...]
Gold:   397        SH:  0    Dex: 17    Spells: 6/12 levels left

rFire    . . .     SeeInvis .     - Unarmed
rCold    + . .     Gourm    .   (no shield)
rNeg     . . .     Faith    .   (armour unavailable)
rPois    .         Spirit   .   (helmet restricted)
rElec    .         Reflect  .   q - scarf {harm}
rCorr    .         Harm     .   (no gloves)
MR       .....                  (no boots)
Stlth    ++........             u - amulet of magic regeneration
HPRegen  0.19/turn              k - +6 ring of dexterity
MPRegen  0.38/turn              (no ring)

@: no status effects
A: breathe frost, unfitting armour, cold resistance 1, cold-blooded, AC +6
a: Breathe Frost, Lesser Healing, Heal Other, Purification, Divine Protection,
Renounce Religion


You were on level 6 of the Dungeon.
You worshipped Elyvilon.
Elyvilon was most pleased with you.
You were not hungry.

You visited 2 branches of the dungeon, and saw 7 of its levels.
You also visited: Sewer.

You collected 397 gold pieces.

Inventory:

Hand Weapons
 w - a +0 fustibalus
Missiles
 a - 81 arrows
Armour
 q - a scarf of harm (worn)
Jewellery
 k - a +6 ring of dexterity (left hand)
 r - an uncursed amulet of reflection
 t - an uncursed amulet of reflection
 u - an amulet of magic regeneration (around neck)
 y - an uncursed amulet of guardian spirit
Wands
 p - a wand of disintegration (23)
 v - a wand of clouds (3)
 x - a wand of digging (5)
Scrolls
 e - 3 scrolls of blinking {unknown}
 f - 5 scrolls of teleportation {unknown}
 g - 2 scrolls of magic mapping {unknown}
 i - a scroll of fog {unknown}
 j - 4 scrolls of identify {unknown}
 l - a scroll of enchant weapon {unknown}
 n - a scroll of immolation {unknown}
 s - 4 scrolls of remove curse {unknown}
Potions
 b - 2 potions of curing {unknown}
 d - 2 potions of flight {unknown}
 h - 3 potions of heal wounds {unknown}
 m - a potion of berserk rage {unknown}
 o - a potion of mutation {unknown}
 A - a potion of magic {unknown}
 B - a potion of might {unknown}
Comestibles
 c - 9 rations
 z - 8 chunks of flesh


   Skills:
 + Level 3.3 Fighting
 + Level 3.3 Dodging
 * Level 5.3 Unarmed Combat
 + Level 3.4 Spellcasting
 * Level 4.6 Transmutations
 * Level 4.0 Invocations


You had 6 spell levels left.
You knew the following spells:

 Your Spells              Type           Power        Failure   Level  Hunger
a - Beastly Appendage     Tmut           ###...       3%          1    #......
b - Spider Form           Tmut/Pois      #.........   24%         3    ###....
c - Sticks to Snakes      Tmut           ###.....     4%          2    ##.....

Your spell library contained the following spells:

 Spells                   Type           Power        Failure   Level  Hunger
 Ice Form                 Ice/Tmut       #.......     61%         4    #####..
 Blade Hands              Tmut           ###.......   63%         5    ######.


Dungeon Overview and Level Annotations

Branches:
Dungeon (6/15)             Temple (1/1) D:5           Sewer (visited)

Altars:
Ashenzari
Cheibriados
Dithmenos
Elyvilon
Fedhas
Gozag
Hepliaklqana
Kikubaaqudgha
Makhleb
Okawaru
Ru
Sif Muna
Trog
Uskayaw
Vehumet
Wu Jian
Xom
Yredelemnul
Zin
The Shining One

Annotations:
D:5 1 runed translucent door, mirrorencyclopedia's ghost, novice MiMo


Innate Abilities, Weirdness & Mutations

You can breathe waves of freezing cold.
You can buffet flying creatures when you breathe cold.
Your icy white scales are hard. (AC +6)
You cannot fit into any form of body armour.
Your flesh is cold resistant. (rC+)
You are cold-blooded and may be slowed by cold attacks.


Message History

You closely miss the orc warrior.
The orc warrior is moderately wounded.
The orc warrior closely misses you.
You hit the orc warrior.
The orc warrior is severely wounded.
Your transformation has ended.
Your scarf of harm unmelds from your body.
The orc warrior hits you with a +2 flail of protection.
The orc warrior looks more healthy.
You are healed.
You feel somewhat more hungry.
The orc warrior hits you with a +2 flail of protection!
* * * LOW HITPOINT WARNING * * *
An orc comes into view.
The orc shouts!
A crimson imp comes into view.
Casting: Spider Form (dangerous; 24% risk of failure)
Confirm with . or Enter, or press ? or * to list all spells.
You create a snake!
You now have 81 arrows.
The orc warrior hits you with a +2 flail of protection!!
You die...

......#####................######
####### ##.######.#.####.......
#.# #.#.# ###..... #.#
#.#.######..... #.#
#.#............ #.#
#.#######...... #.#
###.#######.#####
#.####.g..g...........
#.#S.@o#.#######.#####
......o..#.# #.##### .##......#.#
#...... #......#.. #......
........#.# #...... .##..#...#.#
#...... ...#5###.# #...... ..#.#.
#.##... ..##...


You could see an orc warrior, 2 gnolls, a crimson imp, an orc and a friendly
ball python.

Vanquished Creatures
  Menkaure (D:5)
  Purgy (Sewer)
  2 bullfrogs (D:6)
  2 scorpions
  2 orc priests
  2 jellies (D:5)
  2 centaur skeletons
  4 worker ants (D:4)
  An iguana (D:5)
  2 orc wizards
  A hound skeleton (D:5)
  3 gnolls (D:6)
  7 adders
  2 shadow imps
  2 oozes
  An adder skeleton (D:6)
  A worm (D:6)
  5 leopard geckos
  7 orcs
  3 ball pythons
  6 bats
  7 giant cockroaches
  5 goblins
  3 hobgoblins
  6 kobolds
  2 quokkas
  8 frilled lizards
  2 jackal zombies (D:5)
  A leopard gecko skeleton (D:4)
  4 rats
95 creatures vanquished.

Vanquished Creatures (collateral kills)
  An adder zombie (D:6)
  A ball python (Sewer)
  A frilled lizard (Sewer)
  A quokka skeleton (D:5)
4 creatures vanquished.

Grand Total: 99 creatures vanquished

Notes
Turn   | Place    | Note
-------+----------+-------------------------------------------
     0 | D:1      | sighowe the Draconian Transmuter began the quest for the
                  | Orb.
     0 | D:1      | Reached XP level 1. HP: 16/16 MP: 3/3
   257 | D:1      | Reached XP level 2. HP: 18/23 MP: 3/5
   778 | D:2      | Found a glowing silver altar of Zin.
  1263 | D:1      | Reached XP level 3. HP: 25/29 MP: 4/6
  1557 | D:2      | Found an ancient bone altar of Kikubaaqudgha.
  1558 | D:2      | Found an opulent altar of Gozag.
  1559 | D:2      | Found a white marble altar of Elyvilon.
  1569 | D:2      | Became a worshipper of Elyvilon the Healer
  2098 | D:3      | Found a shimmering blue altar of Sif Muna.
  2409 | D:3      | Reached * piety under Elyvilon
  2617 | D:3      | Found a burning altar of Makhleb.
  2802 | D:3      | Reached XP level 4. HP: 26/36 MP: 5/7
  3029 | D:3      | Learned a level 3 spell: Spider Form
  3032 | D:3      | Learned a level 2 spell: Sticks to Snakes
  3390 | D:4      | Reached skill level 1 in Invocations
  3399 | D:4      | Reached XP level 5. HP: 21/41 MP: 8/8
  3412 | D:4      | Reached skill level 4 in Unarmed Combat
  4077 | D:4      | Reached ** piety under Elyvilon
  4266 | D:4      | Reached XP level 6. HP: 50/50 MP: 7/10
  4603 | D:5      | Entered Level 5 of the Dungeon
  4740 | D:5      | Found a staircase to the Ecumenical Temple.
  4891 | D:5      | Reached *** piety under Elyvilon
  5117 | D:5      | Noticed mirrorencyclopedia's ghost (novice MiMo)
  5118 | D:5      | Found a runed translucent door.
  5189 | D:5      | Noticed Menkaure
  5231 | D:5      | Killed Menkaure
  5467 | Temple   | Entered the Ecumenical Temple
  5610 | D:5      | Your scales start taking on an icy white colour.
  5610 | D:5      | Reached XP level 7. HP: 45/56 MP: 9/11
  5610 | D:5      | Gained mutation: Your flesh is cold resistant. (rC+) [White
                  | Draconian growth]
  6068 | D:6      | Found a glowing drain.
  6100 | Sewer    | Entered a sewer
  6210 | Sewer    | Noticed Purgy
  6235 | Sewer    | Killed Purgy
  6235 | Sewer    | Reached skill level 5 in Unarmed Combat
  6952 | D:6      | Slain by an orc warrior

Illustrated notes

Levels and vault maps discovered:
D:1:      minmay_arrival_up_and_down, layout_basic
D:2:      layout_basic, nicolae_overflow_crystal_walls,
          chequers_temple_overflow_statue_of_worship
D:3:      layout_basic, nicolae_overflow_hidden_temple, old_standard_altar
D:4:      layout_gridville, first_ration
D:5:      layout_rooms, minmay_temple_entry_mist,
          hellmonk_ghost_happy_afterlife, uniq_menkaure
D:6:      layout_basic, nicolae_qazlal_general_emergency,
          cheibrodos_sewer_entry_bend, uniq_sigmund
Temple:   eino_temple_lava

Skill      XL: |  1  2  3  4  5  6  7 |
---------------+----------------------+-----
Dodging        | 2 3 |  3.3
Fighting       | 2 3 |  3.3
Transmutations | 3 4 |  4.6
Invocations    | 1 2 4 |  4.0
Unarmed Combat | 4 5 |  5.3
Spellcasting   | 3 |  3.4

Action                   |  1- 3 |  4- 6 |  7- 9 || total
-------------------------+-------+-------+-------++-------
Melee: Unarmed           |   132 |   137 |   124 ||   393
       Tailslap          |     9 |    19 |    11 ||    39
       Punch             |     1 |     6 |     2 ||     9
       Kick              |     9 |    16 |     7 ||    32
       Headbutt          |     5 |    10 |    12 ||    27
 Cast: Beastly Appendage |    31 |    19 |    15 ||    65
       Sticks to Snakes  |       |     4 |     6 ||    10
       Spider Form       |       |     2 |     4 ||     6
Invok: Lesser Healing    |       |     6 |     1 ||     7
       Divine Protection |       |     1 |       ||     1
 Abil: Breathe Frost     |       |       |     1 ||     1
 Stab: Sleeping          |     2 |     2 |       ||     4
  Eat: Chunk             |     6 |     4 |       ||    10
       Ration            |       |     2 |     2 ||     4
Armor: Skin              |    59 |    27 |    32 ||   118
Dodge: Dodged            |   138 |    89 |    93 ||   320
Block: Other             |       |     5 |     4 ||     9
